 Dungeon Crawl Stone Soup version 0.30-a0-800-g7c544603b3 (webtiles) character file.

Game seed: 12822827554509092867

284 Pimp the Trooper (level 6, -9/56 HPs)
             Began as a Minotaur Fighter on Feb 21, 2023.
             Killed from afar by an orc wizard (11 damage)
             ... with a puff of flame
             ... on level 5 of the Dungeon.
             The game lasted 00:03:35 (1712 turns).

Pimp the Trooper (Minotaur Fighter)                 Turns: 1712, Time: 00:03:35

Health: -9/56      AC:  7    Str: 22    XL:     6   Next: 7%
Magic:  5/5        EV:  9    Int:  5    God:
Gold:   140        SH:  5    Dex: 10    Spells: 5/5 levels left

rFire   . . .      SeeInvis +    a - +0 war axe
rCold   . . .      Faith    +    c - +0 buckler
rNeg    . . .      Spirit   .    b - +0 scale mail
rPois   .          Reflect  .    (helmet restricted)
rElec   .          Harm     .    (no cloak)
rCorr   .          Rampage  .    (no gloves)
Will    .....                    (no boots) Stlth
                                 h - amulet of faith
HPRegen 0.29/turn                n - ring of see invisible
MPRegen 0.09/turn                (no ring)

@: no status effects
A: horns 2, retaliatory headbutt
a: no special abilities


You were on level 5 of the Dungeon.
You visited 1 branch of the dungeon, and saw 4 of its levels.

You collected 140 gold pieces.

Inventory:

Hand Weapons
 a - a +0 war axe (weapon)
Armour
 b - a +0 scale mail (worn)
 c - a +0 buckler (worn)
Jewellery
 h - an amulet of faith (around neck)
 n - a ring of see invisible (left hand)
Scrolls
 f - a scroll of identify
 g - a scroll of butterflies
Potions
 d - a potion of might
 e - a potion of cancellation {unknown}
 j - a potion of heal wounds {unknown}


   Skills:
 + Level 5.2 Fighting
 + Level 4.3 Axes
 + Level 5.1 Armour
 + Level 5.2 Shields


You had 5 spell levels left.
You didn't know any spells.
Your spell library was empty.

Dungeon Overview and Level Annotations

Branches:
Dungeon (3/15)

Altars:
Ashenzari
Hepliaklqana
Trog

Shops:
D:5 [

Annotations:
D:2 Sigmund


Innate Abilities, Weirdness & Mutations

You have a pair of horns on your head.
You reflexively headbutt those who attack you in melee.


Message History

You block the orc wizard's attack.
The orc priest invokes the aid of Beogh against you.
Beogh smites you!
* * * LOW HITPOINT WARNING * * *
The orc hits you with a +0 hand axe.
* * * LOW HITPOINT WARNING * * *
You slash the orc!
You kill the orc!
You slash the orc priest! You closely miss the orc priest.
You hit the orc wizard but do no damage.
The orc priest calls upon Beogh to heal the orc priest.
The orc priest is healed somewhat.
The orc wizard barely misses you.
The orc priest hits you but does no damage.
You block the orc priest's attack.
The orc priest hits you but does no damage.
You block the orc wizard's attack.
You hit the orc priest but do no damage.
You hit the orc wizard but do no damage.
You slash the orc priest! You block the orc wizard's attack.
The orc priest closely misses you. You furiously retaliate!
You headbutt the orc priest.
The orc priest hits you with a +0 dagger.
* * * LOW HITPOINT WARNING * * *
You hit the orc priest. Your headbutt misses the orc priest.
The orc priest is moderately wounded.
You slash the orc priest!
You kill the orc priest!
You closely miss the orc wizard. The orc priest barely misses you.
The orc wizard closely misses you. You furiously retaliate!
You headbutt the orc wizard!
The orc wizard gestures wildly while chanting.
The orc wizard flickers and vanishes for a moment.
The orc priest miscasts a cantrip.
You have reached level 6!
You slash the orc priest!
You kill the orc priest!
You closely miss the orc wizard.
The orc wizard points at you and mumbles some strange words.
The puff of flame hits you!
You die...

. ..#
#...#######
#..?...#
#..o...#
#..)@..#
#..))).#
##.....+
#.....#
#.....#
......#
.......#
#######.#


You could see an orc wizard (invisible).

Vanquished Creatures
  An ice beast (D:5)
  A necrophage (D:5)
  A hound (D:3)
  2 orc priests (D:5)
  An adder (D:3)
  A gnoll (D:3)
  A worm (D:2)
  A dart slug (D:3)
  9 orcs
  6 endoplasms
  6 goblins
  3 hobgoblins
  2 kobolds (D:3)
  A quokka (D:3)
  4 ball pythons
  2 bats (D:1)
  A rat (D:3)
43 creatures vanquished.

Vanquished Creatures (others)
  A wizard (D:3)
1 creature vanquished.

Grand Total: 44 creatures vanquished

Notes
Turn   | Place    | Note
-------+----------+-------------------------------------------
     0 | D:1      | Pimp the Minotaur Fighter began the quest for the Orb.
     0 | D:1      | Reached XP level 1. HP: 19/19 MP: 0/0
   371 | D:1      | Reached XP level 2. HP: 18/27 MP: 1/1
   869 | D:2      | Noticed Sigmund
   915 | D:3      | Reached XP level 3. HP: 10/33 MP: 2/2
  1065 | D:3      | Found a broken altar of Ashenzari.
  1074 | D:3      | Found a hazy altar of Hepliaklqana.
  1278 | D:3      | Found a bloodstained altar of Trog.
  1281 | D:3      | Noticed a wizard
  1286 | D:3      | Killed a wizard
  1446 | D:3      | Reached XP level 4. HP: 41/41 MP: 3/3
  1595 | D:3      | You fall into a shaft and drop 2 floors!
  1595 | D:5      | Entered Level 5 of the Dungeon
  1595 | D:5      | Found Kaaciubb's Armour Emporium.
  1606 | D:5      | Noticed an ice beast
  1611 | D:5      | Noticed a necrophage
  1678 | D:5      | Killed an ice beast
  1679 | D:5      | Reached XP level 5. HP: 32/47 MP: 4/4
  1690 | D:5      | Reached skill level 5 in Fighting
  1690 | D:5      | Reached skill level 5 in Armour
  1690 | D:5      | Reached skill level 5 in Shields
  1710 | D:5      | HP: 1/48 [orc priest/+0 dagger (5)]
  1712 | D:5      | Reached XP level 6. HP: 2/56 MP: 5/5
  1712 | D:5      | Killed from afar by an orc wizard

Illustrated notes

Levels and vault maps discovered:
D:1:      dpeg_arrival_water_fire, layout_basic
D:2:      kennysheep_big_flooded_room, layout_basic, uniq_sigmund
D:3:      layout_basic, trog_wizard, lemuel_round_altar,
          nicolae_overflow_crystal_walls, dk_vineyard_2,
          kennysheep_decorative_pillar
D:5:      layout_basic, overflow_temple_1_default, nicolae_inconvenience_store,
          grunt_decor_fettered, minmay_misc_feat_five

Skill      XL: |  1  2  3  4  5 |
---------------+----------------+-----
Fighting       | 4 5 |  5.2
Axes           | 3 4 |  4.3
Armour         | 4 5 |  5.1
Shields        | 4 5 |  5.2

Action                     |  1- 3 |  4- 6 || total
---------------------------+-------+-------++-------
  Melee: War axe           |    69 |    29 ||    98
         Headbutt          |     1 |     3 ||     4
    Use: Scroll            |       |     5 ||     5
         Potion            |       |     2 ||     2
 Armour: Scale mail        |    44 |    14 ||    58
  Dodge: Dodged            |    40 |    14 ||    54
  Block: Buckler           |    20 |    12 ||    32

Table legend: (Time is in decaauts)
 A = Elapsed time spent in this place.
 B = Non-inter-level travel time spent in this place.
 C = Inter-level travel time spent in this place.
 D = Time resting spent in this place.
 E = Time spent auto-exploring this place.
 F = Levels seen in this place.
 G = Mean time per level.
                   A        B        C        D        E       F      G
               +--------+--------+--------+--------+--------+-----+--------+
         Total |   1747 |   1707 |     40 |     88 |   1210 |   4 |  436.8 |
       Dungeon |   1747 |   1707 |     40 |     88 |   1210 |   4 |  436.8 |
               +--------+--------+--------+--------+--------+-----+--------+

Top non-repeatable levels by time:
     D:1: 770 daAuts
     D:3: 697 daAuts
     D:2: 152 daAuts
     D:5: 126 daAuts
